 Dungeon Crawl Stone Soup version 0.18.1-48-g4cf74bf (webtiles) character file.

53 RickumRackum the Stinger (level 3, -3/21 HPs)
             Began as an Octopode Venom Mage on Aug 26, 2016.
             Killed from afar by an orc wizard (6 damage)
             ... with a magic dart
             ... on level 3 of the Dungeon.
             The game lasted 00:19:46 (1716 turns).

RickumRackum the Stinger (Octopode Venom Mage)      Turns: 1716, Time: 00:19:46

Health: -3/21      AC:  1    Str:  4 (7)  XL:     3   Next: 89%
Magic:  2/6        EV: 21    Int: 15 (18) God:
Gold:   76         SH:  0    Dex: 16 (17) Spells: 3 memorised, 0 levels left

rFire  . . .     SeeInvis .     o - +0 dagger
rCold  . . .     Gourm    .     (no shield)
rNeg   . . .     Faith    .     (helmet restricted)
rPois  .         Spirit   .     (no amulet)
rElec  .         Dismiss  .     d - +3 ring of evasion
rCorr  .         Reflect  .     (no ring)
SustAt .         Harm     .     (no ring)
MR     .....                    (no ring)
Stlth  +++++.....               (no ring)
                                (no ring)
                                (no ring)
                                (no ring)

@: agile, very slightly contaminated, not resistant to hostile enchantments,
quite stealthy
A: almost no armour, amphibious, 8 rings, constrict 8, camouflage 1, gelatinous
body 1
a: no special abilities


You were on level 3 of the Dungeon.
You were not hungry.

You visited 1 branch of the dungeon, and saw 3 of its levels.

You collected 76 gold pieces.

Inventory:

Hand Weapons
 o - a +0 dagger (weapon)
 p - a +0 hunting sling
Missiles
 e - 80 bolts
 h - 69 stones (quivered)
 m - 4 tomahawks
 q - 35 sling bullets
Armour
 i - a +0 buckler
Jewellery
 d - a +3 ring of evasion (left tentacle)
 g - an uncursed ring of stealth {unknown}
Scrolls
 j - 2 scrolls of noise
 k - a scroll of random uselessness
 n - a scroll of enchant armour
Books
 a - a Young Poisoner's Handbook

   Spells                             Type                      Level
   a - Sting                          Conjuration/Poison           1
   b - Cure Poison                    Poison                       2
   c - Mephitic Cloud                 Conjuration/Poison/Air       3
   d - Olgreb's Toxic Radiance        Poison                       4
   e - Venom Bolt                     Conjuration/Poison           5
Comestibles
 b - a bread ration
 c - 5 fruits
 l - 3 meat rations


   Skills:
 * Level 0.6 Short Blades
 - Level 2.2 Dodging
 - Level 3.6 Stealth
 - Level 2.1 Spellcasting
 * Level 1.7 Conjurations
 * Level 0.2 Air Magic
 + Level 5.1 Poison Magic


You couldn't memorise any spells.
You knew the following spells:

 Your Spells              Type           Power        Failure   Level  Hunger
a - Sting                 Conj/Pois      ##..         8%          1    #......
b - Cure Poison           Pois           ###.......   4%          2    ###....
c - Mephitic Cloud        Conj/Pois/Air  #.......     30%         3    ###....


Dungeon Overview and Level Annotations

Branches:
Dungeon (3/15)

Altars:
Fedhas
Zin


Innate Abilities, Weirdness & Mutations

You cannot wear most types of armour.
You are amphibious.
You can wear up to eight rings at the same time.
You can use your tentacles to constrict eight enemies at once.
Your skin changes colour to match your surroundings (Stealth).
Your rubbery body absorbs attacks (AC +1).


Message History

You hit the orc wizard but do no damage.
The orc wizard is lightly wounded.
You constrict the orc wizard.
The orc wizard casts a spell.
The orc wizard blinks free!
Drink which item? (? for menu, Esc to quit)
It was a potion of degeneration.
There was something very wrong with that liquid.
You feel weakened.
You feel dopey.
You feel clumsy.
Casting: Sting
Confirm with . or Enter, or press ? or * to list all spells.
Aiming: Sting
Press: ? - help, Shift-Dir - straight line, f/p - orc wizard
Aim: an orc wizard, wielding a dagger and wearing a robe (lightly wounded, fast)
You miscast Sting.
You are very lightly contaminated with residual magic.
Nothing appears to happen.
The orc wizard gestures at you while chanting.
The magic dart hits you!
You die...

###### .....o#
#####
.......#####...##
........##......#
oo.)....[.......#
........##.....♣♣
........##o.....♣
........##....._♣
.......###@.....♣
....... #.....♣.#
.......
##.....♣##.##
.......
#.......#...#
#......##...#
#...........#
#..........##
#.........##
###.......###


You could see an orc wizard.

Vanquished Creatures
  An adder (D:2)
  2 worms (D:2)
  2 dart slugs (D:1)
  2 giant geckos
  2 orcs (D:3)
  3 giant cockroaches
  2 goblins
  A hobgoblin (D:1)
  2 quokkas (D:2)
  6 bats
  3 giant newts
  A kobold (D:2)
  3 rats
  A plant (D:1)
31 creatures vanquished.

Notes
Turn   | Place    | Note
--------------------------------------------------------------
     0 | D:1      | RickumRackum the Octopode Venom Mage began the quest for the Orb.
     0 | D:1      | Reached XP level 1. HP: 11/11 MP: 3/3
    54 | D:1      | Reached skill level 5 in Poison Magic
    54 | D:1      | Reached XP level 2. HP: 17/17 MP: 3/5
   192 | D:1      | Learned a level 2 spell: Cure Poison
  1019 | D:2      | Reached skill level 1 in Conjurations
  1060 | D:2      | Reached XP level 3. HP: 21/21 MP: 3/6
  1086 | D:2      | Found a blossoming altar of Fedhas.
  1651 | D:2      | Learned a level 3 spell: Mephitic Cloud
  1669 | D:3      | Found a glowing silver altar of Zin.
  1716 | D:3      | Killed from afar by an orc wizard

Skill      XL: |  1  2 |
---------------+-------+-----
Stealth        | 3 |  3.6
Poison Magic   | 5 |  5.1
Conjurations   | 1 |  1.7
Short Blades   | |  0.6
Dodging        | |  2.2
Spellcasting   | |  2.1
Air Magic      | |  0.2

Action                   || total
-------------------------++-------
Melee: Dagger            ||    65
       Tentacles         ||    21
       Constrict         ||    11
       Unarmed           ||     1
 Cast: Sting             ||    45
  Use: Potion            ||     7
       Scroll            ||     6
  Eat: Chunk             ||     3
Armor: Skin              ||     4
Dodge: Dodged            ||    29
